 Dungeon Crawl Stone Soup version 0.29-a0-666-g26d293caef (webtiles) character file.

Game seed: 4759356474024194906

95989 PentaManta the Spry (level 15, -6/81 HPs)
             Began as a Spriggan Hunter on June 23, 2022.
             Was an Initiate of Gozag.
             Succumbed to a +4 halberd of venom's poison
             ... on level 2 of the Orcish Mines.
             The game lasted 01:13:13 (31621 turns).

PentaManta the Spry (Spriggan Hunter)              Turns: 31621, Time: 01:13:18

Health: -6/81      AC: 15    Str:  7    XL:     15   Next: 67%
Magic:  16/16      EV: 37    Int: 17    God:    Gozag
Gold:   290        SH:  5    Dex: 27    Spells: 14/14 levels left

rFire   + . .      SeeInvis +   a - +7 shortbow (elec)
rCold   + . .      Faith    .   (shield currently unavailable)
rNeg    . . .      Spirit   .   r - +6 acid dragon scales
rPois   +          Reflect  +   g - +0 mask of the Dragon {Will+ Slay+3 SInv}
rElec   .          Harm     .   C - +2 cloak
rCorr   +          Rampage  .   (gloves unavailable)
Will    +++++                   (boots unavailable)
Stlth   +++++++...              i - amulet "Zaimiran" {Reflect rC+ Dex+3 SH+5 Stlth+}
HPRegen 0.23/turn               d - ring "Wixkuuz" {Fly rPois rF+ Will+ Int+4}
MPRegen 0.15/turn               e - ring of willpower

@: lethally poisoned (-6 -> -53), flying, very quick
A: very small, no large weapons, unfitting armour, see invisible, speed 3,
strong-willed 1
a: Renounce Religion, Potion Petition, Call Merchant, Bribe Branch


You were on level 2 of the Orcish Mines.
You worshipped Gozag.
Gozag was aware of your devotion.
You visited 5 branches of the dungeon, and saw 25 of its levels.
You also visited: Gauntlet.

You collected 7478 gold pieces.
You spent 3415 gold pieces at shops.
You paid 3773 gold pieces to Gozag.

Inventory:

Hand Weapons
 a - a +7 shortbow of electrocution (weapon)
 m - a +1 short sword of electrocution
 x - a +2 vorpal shortbow
Missiles
 Y - 7 throwing nets
 Z - 6 curare-tipped darts
Armour
 b - a +0 troll leather armour
 g - the +0 mask of the Dragon (worn) {Will+ Slay+3 SInv}
   (You bought it in a shop on level 1 of the Orcish Mines)

   Slay:      It affects your accuracy & damage with ranged weapons and melee
   (+3).
   SInv:      It lets you see invisible.
   Will:      It increases your willpower.
 r - +6 acid dragon scales (worn)
 y - a scarf of repulsion
 C - a +2 cloak (worn)
Jewellery
 d - the ring "Wixkuuz" (left hand) {Fly rPois rF+ Will+ Int+4}
   (You bought it in a shop on level 1 of the Orcish Mines)

   [ring of flight]

   Int:       It affects your intelligence (+4).
   rF:        It protects you from fire.
   rPois:     It protects you from poison.
   Fly:       It grants you flight.
   Will:      It increases your willpower.
 e - a ring of willpower (right hand)
 i - the amulet "Zaimiran" (around neck) {Reflect rC+ Dex+3 SH+5 Stlth+}
   (You found it in a Gauntlet)

   [amulet of reflection]

   It reflects blocked missile attacks.
   Dex:       It affects your dexterity (+3).
   rC:        It protects you from cold.
   SH:        It affects your SH (+5).
   Stlth:     It makes you more stealthy.
 q - an amulet of guardian spirit
 E - the ring of Necammaest {Wiz rElec Int+6 Dex+2}
   (You acquired it on level 8 of the Dungeon)

   [ring of wizardry]

   It improves your spell success rate.
   Int:       It affects your intelligence (+6).
   Dex:       It affects your dexterity (+2).
   rElec:     It insulates you from electricity.
 M - the ring of Discretion {+Blink rN+ Str-2 SInv Stlth+}
   (You acquired it on level 2 of the Orcish Mines)

   [ring of positive energy]

   Str:       It affects your strength (-2).
   rN:        It protects you from negative energy.
   SInv:      It lets you see invisible.
   +Blink:    It lets you blink.
   Stlth:     It makes you more stealthy.
 W - an amulet of regeneration
Wands
 h - a wand of polymorph (17)
 A - a wand of mindburst (13)
 B - a wand of paralysis (9)
 F - a wand of acid (6)
 G - a wand of digging (12)
 V - a wand of flame (10)
 X - a wand of iceblast (11)
Scrolls
 c - 6 scrolls of immolation
 k - 2 scrolls of enchant armour
 l - 7 scrolls of blinking
 s - 5 scrolls of teleportation
 t - 5 scrolls of magic mapping
 u - 4 scrolls of silence
 v - 6 scrolls of vulnerability
 H - 2 scrolls of summoning
 P - 2 scrolls of fear
 Q - 4 scrolls of poison
 U - 4 scrolls of fog
Potions
 f - 11 potions of curing
 n - 10 potions of heal wounds
 o - a potion of cancellation
 p - 6 potions of mutation
 w - 2 potions of invisibility
 z - 3 potions of haste
 I - a potion of berserk rage
 K - a potion of ambrosia
 L - 2 potions of resistance
 S - 5 potions of lignification
Miscellaneous
 j - a phial of floods
 D - a lightning rod (4/4)
 N - a tin of tremorstones (2/2)
 R - a condenser vane
 T - a piece from Xom's chessboard (15/15)


   Skills:
 + Level 10.7 Fighting
 - Level 16.0 Bows
 - Level 6.0 Throwing
 - Level 20.0 Dodging
 + Level 15.5 Stealth
 + Level 14.6 Evocations


You had 14 spell levels left.
You didn't know any spells.
Your spell library contained the following spells:

 Spells                   Type           Power      Damage    Failure   Level
 Freeze                   Ice            0%         1d3       41%         1
 Slow                     Hex            0%         N/A       41%         1
 Poisonous Vapours        Pois/Air       0%         N/A       56%         2
 Scorch                   Fire           0%         2d5       56%         2
 Static Discharge         Conj/Air       0%         N/A       56%         2
 Confusing Touch          Hex            0%         N/A       80%         3
 Dazzling Flash           Conj/Hex       0%         N/A       80%         3
 Frozen Ramparts          Ice            0%         1d2       80%         3
 Gell's Gravitas          Tloc           0%         N/A       80%         3
 Lesser Beckoning         Tloc           0%         N/A       80%         3
 Teleport Other           Tloc           0%         N/A       80%         3
 Vampiric Draining        Necr           0%         2d6       80%         3
 Airstrike                Air            0%         N/A       99%         4
 Flame Wave               Conj/Fire      0%         2d4       99%         4
 Fulminant Prism          Conj/Hex       0%         3d6       99%         4
 Hailstorm                Conj/Ice       0%         3d3       99%         4
 Ice Form                 Ice/Tmut       0%         N/A       99%         4
 Iskenderun's Mystic Bla  Conj/Tloc      0%         2d3       99%         4
 Summon Ice Beast         Ice/Summ       0%         N/A       99%         4
 Summon Lightning Spire   Summ/Air       0%         N/A       99%         4
 Borgnjor's Vile Clutch   Necr/Erth      0%         N/A       100%        5
 Lee's Rapid Deconstruct  Erth           0%         3d5*      100%        5
 Lightning Bolt           Conj/Air       0%         1d11      100%        5
 Conjure Ball Lightning   Conj/Air       0%         3x3d6     100%        6
 Death Channel            Necr           0%         N/A       100%        6
 Dispersal                Tloc           0%         N/A       100%        6
 Starburst                Conj/Fire      0%         6d3       100%        6
 Summon Cactus Giant      Summ           0%         N/A       100%        6
 Discord                  Hex            0%         N/A       100%        8
 Disjunction              Tloc           0%         N/A       100%        8
 Maxwell's Capacitive Co  Air            0%         ∞         100%        8
 Animate Dead             Necr           Unusable   N/A       N/A         4
 Corpse Rot               Necr/Pois/Air  Unusable   N/A       N/A         4

Dungeon Overview and Level Annotations

Branches:
Dungeon (15/15) Temple (1/1) D:5 Lair (6/6) D:10 Swamp (0/4) Lair:2 Snake (0/4) Lair:3 Slime (0/5) Lair:6 Orc (2/2) D:12 Elf (1/3) Orc:2 Vaults (0/5) D:12 D:13 Depths (0/4) D:15 Gauntlet (visited)

Altars:
Ashenzari
Cheibriados
Dithmenos
Elyvilon
Fedhas
Gozag
Hepliaklqana
Kikubaaqudgha
Makhleb
Nemelex Xobeh
Okawaru
Qazlal
Ru
Sif Muna
Trog
Uskayaw
Vehumet
Wu Jian
Xom
Yredelemnul
Zin
The Shining One
Beogh

Shops:
D:5 ?   D:7 *   D:9 [*   Orc:1 =??=[   Orc:2 [=*?

Annotations:
D:3 3 runed translucent doors, betamax83's ghost, amateur KoCj; crabbyslav's ghost, amateur OpWn


Innate Abilities, Weirdness & Mutations

You are very small and have problems with some larger weapons.
You are too small for most types of armour.
You have supernaturally acute eyesight. (SInv)
You cover ground extremely quickly. (Speed+++)
You are strong-willed. (Will+)


Message History

The deep elf zephyrmancer shouts!
The arrow hits the deep elf zephyrmancer!
Lightning courses through the deep elf zephyrmancer!!
You kill the deep elf zephyrmancer!
The +4 halberd of venom completely misses you.
You shoot an arrow. The arrow hits the +4 halberd of venom.
The +4 halberd of venom is lightly damaged.
The +4 halberd of venom hits you from afar!
The deep elf zephyrmancer is distracted by your dazzling golden aura.
The deep elf pyromancer gestures wildly while chanting.
You shoot an arrow. The deep elf zephyrmancer shouts!
The arrow hits the +4 halberd of venom but does no damage.
The +4 halberd of venom is lightly damaged.
The +4 halberd of venom is distracted by your dazzling golden aura.
You shoot an arrow. The arrow hits the +4 halberd of venom.
The +4 halberd of venom is no longer distracted by gold.
The +4 halberd of venom is moderately damaged.
The +4 halberd of venom hits you from afar.
You shoot an arrow.
The arrow hits the +4 halberd of venom but does no damage.
The +4 halberd of venom is moderately damaged.
The deep elf zephyrmancer is no longer distracted by gold.
The +4 halberd of venom completely misses you.
You shoot an arrow.
The arrow misses the +4 halberd of venom.
The +4 halberd of venom hits you from afar!!
You are lethally poisoned!
The deep elf pyromancer casts a spell.
The deep elf pyromancer blinks!
You are too injured to fight recklessly!
You are too injured to fight recklessly!
Unknown command.
You feel extremely sick.
The +4 halberd of venom hits you from afar!
* * * LOW HITPOINT WARNING * * *
You are more poisoned.
You fly upwards.
Welcome back to the Orcish Mines!
You die...
Your body crumbles into a pile of gold.

#.......#####.......# #.
#.##....##.........#####.
#####....#.....#.....##..
#.........##.....#...
#.......##.#.....^...
##......####.........
##......####.###)..#
###....(.<.###.##.....
##....@.[....#.........
#..................#.)<
#.......#.........##...
###....[##.........###..
##....)...##.........##..
#.##.....##..........##..
####.....#......#....#...
#...........#.........
##....................


There were no monsters in sight!

Vanquished Creatures
  Rupert (D:15)
  Jorgrun (D:13)
  Frances (D:13)
  Nessos (D:13)
  A dire elephant (D:15)
  A minotaur (Gauntlet)
  Josephine (D:13)
  3 hydras
  4 boulder beetles
  A death knight (D:14)
  An ogre mage (D:15)
  Harold (Lair:2)
  A merfolk avatar (Lair:6)
  Erica (D:8)
  5 centaur warriors
  8 two-headed ogres
  2 catoblepae
  2 tengu warriors
  Urug (D:11)
  An orc high priest (Orc:2)
  Nergalle (D:10)
  5 skeletal warriors
  4 sea snakes (Lair:6)
  An obsidian statue (D:15)
  A harpy (Lair:6)
  2 deep elf zephyrmancers
  5 orc sorcerers
  A wolf spider (D:15)
  3 deep elf pyromancers
  An orc knight (D:12)
  2 manticores
  A salamander (D:15)
  4 cyclopes
  14 ugly things
  3 black mambas
  An elephant (Lair:6)
  Maurice (D:8)
  15 cane toads
  2 large abominations (Gauntlet)
  3 gargoyles
  Maggie (D:7)
  An unseen horror (D:12)
  5 rime drakes
  2 freezing wraiths (D:15)
  An efreet (D:14)
  A kobold demonologist (D:11)
  A tengu conjurer (D:14)
  12 komodo dragons
  9 trolls
  5 polar bears
  6 meliai
  2 hornets
  23 blink frogs
  2 wind drakes (Lair:6)
  Prince Ribbit (Lair:3)
  5 slime creatures (D:12)
  6 wraiths
  2 shadows
  41 yaks
  A hog (shapeshifter) (D:14)
  2 wyverns (D:9)
  2 steam dragons
  16 humans
  Grum (D:11)
  6 basilisks
  2 wargs (Orc:1)
  29 vampire mosquitoes
  2 swamp worms (Gauntlet)
  11 water moccasins
  3 ice beasts
  16 orc warriors
  4 black bears
  A black bear (shapeshifter) (D:13)
  2 sky beasts
  9 ogres
  5 small abominations (Gauntlet)
  24 wolves
  21 centaurs
  3 phantoms
  6 kobold brigands
  7 bullfrogs
  2 scorpions (D:5)
  2 gnoll sergeants
  5 wights (D:9)
  5 killer bees (D:7)
  9 howler monkeys
  5 electric eels
  10 hounds
  5 jellies
  27 orc priests
  Crazy Yiuf (D:7)
  A gnoll shaman (D:6)
  An iguana (D:4)
  39 orc wizards
  17 gnolls
  12 adders
  A white imp (D:6)
  2 ufetubi
  2 worms
  107 orcs
  5 ball pythons
  11 endoplasms
  3 giant cockroaches
  5 goblins
  8 hobgoblins
  2 bats (D:2)
  A frilled lizard (D:1)
  16 kobolds
  5 rats
716 creatures vanquished.

Vanquished Creatures (others)
  A spark wasp (shapeshifter) (D:14)
  An orc priest (D:5)
  14 fungi
  50 plants
66 creatures vanquished.

Grand Total: 782 creatures vanquished

Notes
Turn   | Place    | Note
-------+----------+-------------------------------------------
     0 | D:1      | PentaManta the Spriggan Hunter began the quest for the Orb.
     0 | D:1      | Reached XP level 1. HP: 10/10 MP: 2/2
    37 | D:1      | Reached skill level 5 in Bows
   354 | D:1      | Reached XP level 2. HP: 14/14 MP: 3/3
   862 | D:2      | Reached XP level 3. HP: 18/18 MP: 4/4
  1395 | D:3      | Reached XP level 4. HP: 22/22 MP: 5/5
  1686 | D:3      | Found a runed translucent gate.
  1686 | D:3      | Found a runed translucent gate.
  1686 | D:3      | Found a runed translucent gate.
  1699 | D:3      | Noticed betamax83's ghost (amateur KoCj)
  1699 | D:3      | Noticed crabbyslav's ghost (amateur OpWn)
  2187 | D:4      | Reached XP level 5. HP: 25/25 MP: 6/6
  2316 | D:4      | Noticed an ogre
  2342 | D:4      | Killed an ogre
  2343 | D:4      | Reached XP level 6. HP: 30/30 MP: 7/7
  2530 | D:4      | Noticed an ice beast
  2554 | D:4      | Killed an ice beast
  2753 | D:4      | Reached skill level 10 in Bows
  2869 | D:4      | Reached XP level 7. HP: 23/33 MP: 8/8
  2890 | D:4      | Reached skill level 3 in Dodging
  3170 | D:4      | Reached skill level 4 in Dodging
  3521 | D:5      | Entered Level 5 of the Dungeon
  3581 | D:4      | HP: 1/33 [poisoned by a kobold]
  4231 | D:4      | Reached skill level 5 in Dodging
  4396 | D:5      | Reached XP level 8. HP: 24/37 MP: 9/9
  4606 | D:5      | Reached skill level 6 in Dodging
  4804 | D:5      | Reached skill level 7 in Dodging
  5046 | D:5      | Found Leti's Magic Scroll Emporium.
  5049 | D:5      | Bought a scroll of teleportation for 30 gold pieces
  5049 | D:5      | Bought a scroll of identify for 20 gold pieces
  5049 | D:5      | Bought a scroll of magic mapping for 35 gold pieces
  5049 | D:5      | Bought a scroll of enchant armour for 75 gold pieces
  5049 | D:5      | Bought a scroll of silence for 75 gold pieces
  5049 | D:5      | Bought a scroll of noise for 10 gold pieces
  5104 | D:5      | Found a staircase to the Ecumenical Temple.
  5120 | Temple   | Entered the Ecumenical Temple
  5989 | D:6      | Noticed a troll
  6003 | D:6      | Reached skill level 8 in Dodging
  6040 | D:6      | Killed a troll
  6041 | D:6      | Reached XP level 9. HP: 24/41 MP: 10/10
  6275 | D:6      | Reached skill level 9 in Dodging
  6691 | D:6      | Found a shadowy altar of Dithmenos.
  6703 | D:6      | Reached skill level 10 in Dodging
  6972 | D:7      | Reached skill level 11 in Dodging
  7052 | D:7      | Noticed Maggie
  7064 | D:7      | Killed Maggie
  7302 | D:7      | Reached XP level 10. HP: 46/46 MP: 11/11
  7316 | D:7      | Found Garuenab's Assorted Antiques.
  7452 | Temple   | Became a worshipper of Gozag Ym Sagoz the Greedy
  7787 | D:7      | Found a runed translucent door.
  7788 | D:7      | Noticed Crazy Yiuf
  7994 | D:7      | Killed Crazy Yiuf
  8187 | D:8      | Noticed Maurice
  8210 | D:8      | Killed Maurice
  8318 | D:8      | Reached skill level 12 in Dodging
  8426 | D:8      | Noticed Erica
  8438 | D:8      | Killed Erica
  8634 | D:8      | Reached skill level 15 in Bows
  8693 | D:8      | Identified a scroll of acquirement
  8694 | D:8      | Acquired the ring of Necammaest {Wiz rElec Int+6 Dex+2}
  8799 | D:8      | Noticed a two-headed ogre
  8850 | D:8      | Killed a two-headed ogre
  8851 | D:8      | Reached skill level 13 in Dodging
  9220 | D:9      | Found Paom's Assorted Antiques.
  9224 | D:9      | Found Duefram's Antique Armour Shop.
  9838 | D:9      | Reached skill level 14 in Dodging
  9879 | D:9      | Reached XP level 11. HP: 36/49 MP: 12/12
 10449 | D:7      | Bought a scroll labelled ALAER ALUOSHRE for 30 gold pieces
 10449 | D:7      | Bought an encrusted wooden ring for 150 gold pieces
 10449 | D:7      | Bought a metallic purple potion for 27 gold pieces
 10452 | D:7      | Bought a scroll of identify for 60 gold pieces
 10502 | D:10     | Entered Level 10 of the Dungeon
 10817 | D:10     | Reached skill level 15 in Dodging
 10824 | D:10     | Found a staircase to the Lair.
 11181 | D:10     | Noticed Nergalle
 11197 | D:10     | Killed Nergalle
 11378 | D:10     | Identified the +3 mace of the People {elec, Int+5}
 11648 | D:11     | Reached skill level 16 in Dodging
 11657 | D:11     | Noticed a two-headed ogre
 11674 | D:11     | Killed a two-headed ogre
 11732 | D:11     | Noticed Grum
 11746 | D:11     | Killed Grum
 11807 | D:11     | Noticed Urug
 11851 | D:11     | Killed Urug
 11852 | D:11     | Reached skill level 17 in Dodging
 12138 | D:11     | Reached skill level 18 in Dodging
 12825 | D:12     | Reached skill level 1 in Evocations
 12830 | D:12     | Noticed a five-headed hydra
 12851 | D:12     | Killed a five-headed hydra
 12908 | D:12     | Reached XP level 12. HP: 43/53 MP: 13/13
 13377 | D:12     | Found a staircase to the Orcish Mines.
 13397 | D:12     | Noticed a two-headed ogre
 13417 | D:12     | Killed a two-headed ogre
 13530 | D:12     | Reached skill level 5 in Evocations
 13894 | D:12     | Reached skill level 19 in Dodging
 14257 | Lair:1   | Entered Level 1 of the Lair of Beasts
 15127 | Lair:1   | Reached skill level 20 in Dodging
 15955 | Lair:2   | Noticed Harold
 16065 | Lair:2   | Killed Harold
 16066 | Lair:2   | Reached skill level 5 in Stealth
 16237 | Lair:2   | Found a staircase to the Swamp.
 16537 | Lair:3   | Found a staircase to the Snake Pit.
 16742 | Lair:3   | Reached XP level 13. HP: 63/63 MP: 14/14
 16960 | Lair:3   | Reached skill level 5 in Fighting
 17136 | Lair:3   | Noticed Prince Ribbit
 17142 | Lair:3   | Killed Prince Ribbit
 18078 | Lair:4   | Found a frozen archway.
 18090 | Lair:4   | Found a gate leading to a gauntlet.
 18110 | Gauntlet | Entered a Gauntlet
 18110 | Gauntlet | Found a transporter.
 18110 | Gauntlet | Found a transporter.
 18116 | Gauntlet | Found a transporter.
 18127 | Gauntlet | Found a runed translucent door.
 18130 | Gauntlet | Found a transporter.
 18146 | Gauntlet | Found a transporter.
 18146 | Gauntlet | Found a transporter.
 18146 | Gauntlet | Found a transporter.
 18148 | Gauntlet | Found a transporter.
 18149 | Gauntlet | Found a transporter.
 18161 | Gauntlet | Found a transporter.
 18177 | Gauntlet | Found a transporter.
 18186 | Gauntlet | Found a runed translucent gate.
 18187 | Gauntlet | Found a transporter.
 18187 | Gauntlet | Found a runed translucent gate.
 18188 | Gauntlet | Found a runed translucent gate.
 18201 | Gauntlet | Found a transporter.
 18221 | Gauntlet | Found a transporter.
 18674 | Gauntlet | Identified the amulet "Zaimiran" {Reflect rC+ Dex+3 SH+5
                  | Stlth+}
 18775 | Gauntlet | Noticed a minotaur
 19130 | Gauntlet | Killed a minotaur
 19161 | Gauntlet | Got Wuevua Kuop's Catalogue of Captivating Snow
 20125 | Lair:5   | Reached skill level 10 in Evocations
 20233 | Lair:5   | Reached skill level 1 in Throwing
 20842 | Lair:6   | Entered Level 6 of the Lair of Beasts
 21029 | Lair:6   | Reached skill level 10 in Stealth
 21055 | Lair:6   | Found a staircase to the Slime Pits.
 21127 | Lair:6   | Reached XP level 14. HP: 72/72 MP: 15/15
 22216 | Lair:6   | Found an ornate altar of the Wu Jian Council.
 22216 | Lair:6   | Found a hide-covered altar of Uskayaw.
 22925 | Orc:1    | Entered Level 1 of the Orcish Mines
 22927 | Orc:1    | Found Hoomeoje's Jewellery Emporium.
 23272 | Orc:1    | Bought a scroll of enchant weapon for 120 gold pieces
 23284 | Orc:2    | Entered Level 2 of the Orcish Mines
 23284 | Orc:2    | Found a staircase to the Elven Halls.
 23543 | Orc:1    | You fall into a shaft and drop 1 floor!
 24363 | Orc:2    | Found Eprog's Jewellery Emporium.
 24363 | Orc:2    | Found Lew Ixuh's Antique Armour Emporium.
 24364 | Orc:2    | Found Ezets's General Store.
 24368 | Orc:2    | Found Ociggy's Magic Scroll Shoppe.
 24377 | Orc:2    | Reached skill level 5 in Throwing
 25206 | Orc:1    | Bought the +0 mask of the Dragon {Will+ Slay+3 SInv} for
                  | 1068 gold pieces
 25206 | Orc:1    | Found the +0 mask of the Dragon {Will+ Slay+3 SInv}
 25233 | Orc:1    | Bought a runed scarf for 256 gold pieces
 25275 | D:13     | Noticed Nessos
 25275 | D:13     | Found a gate to the Vaults.
 26077 | D:13     | Noticed Josephine
 26083 | D:13     | Killed Josephine
 26563 | D:13     | Noticed Jorgrun
 26656 | D:13     | Killed Nessos
 26734 | D:13     | Killed Jorgrun
 27403 | D:13     | Noticed Frances
 27508 | D:13     | Killed Frances
 28253 | D:14     | Reached XP level 15. HP: 67/79 MP: 16/16
 29139 | D:14     | Reached skill level 10 in Fighting
 29518 | D:15     | Entered Level 15 of the Dungeon
 30142 | D:15     | Gained mutation: You are strong-willed. (Will+) [a neqoxec]
 30649 | D:15     | Noticed Rupert
 30711 | D:15     | Killed Rupert
 30712 | D:15     | Reached skill level 15 in Stealth
 30833 | D:15     | Found a staircase to the Depths.
 31315 | Elf:1    | Entered Level 1 of the Elven Halls
 31376 | Orc:2    | Bought a scroll of acquirement for 780 gold pieces
 31376 | Orc:2    | Acquired the ring of Discretion {+Blink rN+ Str-2 SInv
                  | Stlth+}
 31443 | Orc:1    | Bought the ring "Wixkuuz" {Fly rPois rF+ Will+ Int+4} for
                  | 497 gold pieces
 31463 | Orc:1    | Bought an ominously black robe for 182 gold pieces
 31463 | Orc:1    | Identified the +2 robe of Shrieking the Leaf {rF+} (You
                  | bought it in a shop on level 1 of the Orcish Mines)
 31621 | Orc:2    | Succumbed to a +4 halberd of venom's poison

Illustrated notes

Levels and vault maps discovered:
D:1:      tarquinn_simple_flora_water_f, layout_basic, hangedman_glass_teeth
D:2:      layout_basic, minmay_tripent
D:3:      layout_loops_cross, gammafunk_ghost_cemetery, st_stairs_13
D:4:      layout_gridville, serial_co_window_serial, co_window_corner_a,
          co_window_paths_a, co_window_of_opportunity_a, co_window_corner_a,
          co_window_cross_1, co_window_2corner, co_window_2corner,
          co_window_unsneaky_path_d, co_window_sun, glass_columns_b,
          glass_columns_b, glass_columns_c, glass_columns_a, glass_columns_a,
          hex_tiny, minivault_27, kennysheep_orc_chapel
D:5:      layout_basic, temple_fountains, serial_shops,
          nicolae_shop_window_shopping
D:6:      layout_basic, grunt_dithmenos_shadows, minmay_misc_feat_iff,
          roderic_filled_cross
D:7:      layout_basic, serial_shops, nicolae_lakefront_shop,
          dreamdust_princess_bridge, uniq_maggie, uniq_crazy_yiuf_cottage
D:8:      layout_loops_ring, serial_aquarium, aquarium_bridge_square
          [aquarium_subvault_window, aquarium_subvault_bridge,
          aquarium_subvault_wall, aquarium_subvault_window],
          aquarium_window_corridor_1, aquarium_window_2, aquarium_window_1,
          aquarium_view_2c, aquarium_view_2f, aquarium_pool_2, uniq_erica,
          uniq_maurice
D:9:      layout_basic, hex_large, nicolae_wooded_promenade
D:10:     layout_irregular_city, erik_lair_island, uniq_nergalle
D:11:     layout_basic, grunt_ministairs_7, uniq_urug, uniq_grum
D:12:     layout_loops_corners, hiddenorc2_lemuel
D:13:     layout_loops_corners, david_vaults_3, uniq_frances, uniq_jorgrun,
          uniq_josephine
D:14:     layout_loops_ring, minmay_staircase_statues, minmay_joined_circles
D:15:     hangedman_depths_entry_try_elsewhere_first, layout_rooms,
          roderic_roman_lattice, minivault_15, uniq_rupert
Temple:   mainiacjoe_temple_archimedes_tessellation
Lair:1:   layout_hall_layers, grunt_forest_small_clearing_treed,
          infiniplex_staircase_pool_2
Lair:2:   layout_regular_city, minmay_swamp_entry_swarm,
          cheibrodos_lair_reptile_den, uniq_harold
Lair:3:   layout_hall_layers, dummy_snake_entry, serial_rivers,
          chequers_serial_rivers_small_3, chequers_serial_rivers_micro_e,
          chequers_serial_rivers_large_a, chequers_serial_rivers_small_3,
          chequers_serial_rivers_marsh, chequers_serial_rivers_room_b,
          uniq_prince_ribbit2
Lair:4:   layout_regular_city, gauntlet_entry_generic,
          portal_ice_cave_entry_pillars_1, infiniplex_staircase_pool
Lair:5:   layout_concentric_octagons, serial_rivers,
          chequers_serial_rivers_micro_e, chequers_serial_rivers_small_b,
          chequers_serial_rivers_small_b, chequers_serial_rivers_small_a,
          chequers_serial_rivers_micro_b
Lair:6:   gammafunk_lair_ancient_temple, layout_layer_cave,
          nicolae_slime_entry_slimehenge, st_stairs_12,
          nzn_masters_of_martial_movement
Orc:1:    layout_caves, serial_shops, shop, mines4_lemuel
Orc:2:    st_orc_mages, layout_diamond_mine, nicolae_orc_lava_room
Elf:1:    minmay_elf_arrival_plus, layout_geoelf_octagon, serial_shops, shop,
          orc_legates

Skill      XL: |  1  2  3  4  5  6  7  8  9 10 11 12 13 14 15 |
---------------+----------------------------------------------+-----
Bows           | 5 6 7 9 10 11 12 14 16 | 16.0
Dodging        | 5 8 11 14 18 20 | 20.0
Evocations     | 3 7 10 12 14 | 14.6
Stealth        | 5 10 13 15 | 15.5
Fighting       | 4 7 9 10 | 10.7
Throwing       | 2 6 |  6.0

Action                   |  1- 3 |  4- 6 |  7- 9 | 10-12 | 13-15 || total
-------------------------+-------+-------+-------+-------+-------++-------
 Fire: Shortbow          |    87 |   153 |   396 |   987 |  1885 ||  3508
Throw: Dart              |       |       |       |       |     7 ||     7
Invok: Call Merchant     |       |       |       |       |     4 ||     4
Evoke: Wand              |       |       |       |     1 |     2 ||     3
       Condenser vane    |       |       |       |     1 |       ||     1
       Piece from Xom's  |       |       |       |       |     1 ||     1
  Use: Scroll            |       |       |    14 |    12 |    14 ||    40
       Potion            |       |       |       |       |     7 ||     7
Armor: Robe              |     3 |     1 |     9 |       |     2 ||    15
       Troll leather arm |       |       |     4 |       |       ||     4
       Acid dragon scale |       |       |       |    14 |    61 ||    75
Dodge: Dodged            |    32 |    30 |   194 |   353 |   710 ||  1319
Block: Other             |       |       |       |    26 |   131 ||   157
       Reflection        |       |       |       |       |    14 ||    14

Table legend: (Time is in decaauts)
 A = Elapsed time spent in this place.
 B = Non-inter-level travel time spent in this place.
 C = Inter-level travel time spent in this place.
 D = Time resting spent in this place.
 E = Time spent auto-exploring this place.
 F = Levels seen in this place.
 G = Mean time per level.
                   A        B        C        D        E       F      G
               +--------+--------+--------+--------+--------+-----+--------+
         Total |  23408 |  21998 |   1410 |   3905 |  12474 |  26 |  900.3 |
       Dungeon |  14998 |  14112 |    886 |   2852 |   7927 |  15 |  999.9 |
        Temple |    171 |    117 |     54 |      0 |    102 |   1 |  171.0 |
          Lair |   5494 |   5321 |    173 |    548 |   3526 |   6 |  915.7 |
  Orcish Mines |   1891 |   1597 |    294 |    268 |    844 |   2 |  945.5 |
   Elven Halls |     23 |     23 |      0 |      0 |      1 |   1 |   23.0 |
      Gauntlet |    830 |    830 |      0 |    236 |     72 |   1 |  830.0 |
               +--------+--------+--------+--------+--------+-----+--------+

Top non-repeatable levels by time:
    D:12: 1999 daAuts
     D:4: 1900 daAuts
    D:14: 1544 daAuts
   Orc:2: 1445 daAuts
    D:13: 1407 daAuts
  Lair:6: 1304 daAuts
     D:5: 1067 daAuts
  Lair:3: 1040 daAuts
  Lair:2: 951 daAuts
    D:15: 903 daAuts
    D:10: 863 daAuts
     D:9: 862 daAuts
     D:8: 840 daAuts
Gauntlet: 830 daAuts
    D:11: 818 daAuts
